 Dungeon Crawl Stone Soup version 0.28.0-53-g5a82cb258f (webtiles) character file.

Game seed: 10203783486133741791

512 quokkamancerX the Chiller (level 7, -1/76 HPs)
             Began as a Gnoll Ice Elementalist on July 2, 2022.
             Was an Initiate of Gozag.
             Slain by Grinder (7 damage)
             ... on level 4 of the Dungeon.
             The game lasted 00:14:47 (4968 turns).

quokkamancerX the Chiller (Gnoll Ice Elementalist)  Turns: 4968, Time: 00:14:47

Health: -1/76      AC: 27    Str:  8    XL:     7   Next: 19%
Magic:  5/15       EV:  2    Int: 16    God:    Gozag
Gold:   194        SH:  4    Dex: 12    Spells: 10/17 levels left

rFire   . . .      SeeInvis .   a - +0 long sword
rCold   . . .      Faith    .   h - +0 buckler
rNeg    . . .      Spirit   .   (armour currently unavailable)
rPois   +          Reflect  .   (helmet currently unavailable)
rElec   .          Harm     .   (cloak currently unavailable)
rCorr   .          Rampage  .   (gloves currently unavailable)
Will    .....      NoTele   +   (boots currently unavailable)
Stlth   +++.......              (no amulet)
HPRegen 0.22/turn               d - +4 ring of protection
MPRegen 0.14/turn               (no ring)

@: tree-form (expiring)
A: stationary, stasis, torment immunity, boosted hp, (fangs 1), strong nose,
distributed training
a: Renounce Religion, Potion Petition, Call Merchant, Bribe Branch


You were on level 4 of the Dungeon.
You worshipped Gozag.
Gozag was aware of your devotion.
You were a tree.
You visited 1 branch of the dungeon, and saw 4 of its levels.

You collected 234 gold pieces.
You paid 40 gold pieces to Gozag.

Inventory:

Hand Weapons
 a - a +0 long sword (weapon)
 b - a +1 hunting sling of flaming
Missiles
 g - 139 stones
 m - 16 sling bullets
Armour
 e - a +0 robe (melded)
 h - a +0 buckler (worn)
 x - a +0 pair of gloves (melded)
Magical Staves
 q - a staff of fire
Jewellery
 d - a +4 ring of protection (left branch)
Wands
 w - a wand of digging (5)
Scrolls
 i - a scroll of silence {unknown}
 l - a scroll of blinking {unknown}
 n - a scroll of identify {unknown}
 o - a scroll of teleportation {unknown}
 p - a scroll of enchant armour {unknown}
 t - a scroll of amnesia {unknown}
 v - a scroll of brand weapon {unknown}
Potions
 c - a potion of lignification
 f - a potion of cancellation {unknown}
 j - a potion of magic {unknown}
 k - a potion of degeneration {unknown}
 r - a potion of might {unknown}
 s - a potion of flight {unknown}


   Skills:
 + Level 2.3 Fighting
 + Level 2.3 Short Blades
 + Level 2.3 Long Blades
 + Level 2.3 Axes
 + Level 2.3 Maces & Flails
 + Level 2.3 Polearms
 + Level 2.3 Staves
 + Level 2.3 Slings
 + Level 2.3 Bows
 + Level 2.3 Crossbows
 + Level 2.3 Throwing
 + Level 2.3 Armour
 + Level 5.1 Dodging
 + Level 4.8 Stealth
 + Level 2.3 Shields
 + Level 2.3 Unarmed Combat
 + Level 5.5 Spellcasting
 + Level 1.9 Conjurations
 + Level 1.9 Hexes
 + Level 1.9 Summonings
 + Level 1.9 Necromancy
 + Level 1.9 Translocations
 + Level 1.9 Transmutations
 + Level 1.9 Fire Magic
 + Level 7.4 Ice Magic
 + Level 1.9 Air Magic
 + Level 1.9 Earth Magic
 + Level 1.9 Poison Magic
 + Level 2.5 Invocations
 + Level 2.3 Evocations


You had 10 spell levels left.
You knew the following spells:

 Your Spells              Type           Power      Damage    Failure   Level
a - Freeze                Ice            100%       1d11      1%          1
f - Frozen Ramparts       Ice            56%        1d7       2%          3
g - Ozocubu's Armour      Ice            28%        N/A       2%          3

Your spell library contained the following spells:

 Spells                   Type           Power      Damage    Failure   Level
 Scorch                   Fire           20%        2d6       13%         2
 Hailstorm                Conj/Ice       19%        3d6       28%         4
 Flame Wave               Conj/Fire      10%        2d5       65%         4
 Summon Cactus Giant      Summ           5%         N/A       100%        6


Dungeon Overview and Level Annotations

Branches:
Dungeon (4/15)
 Temple: D:4-7

Altars:
Elyvilon
Gozag
Hepliaklqana
Kikubaaqudgha
Qazlal
Vehumet
Yredelemnul
Zin

Annotations:
D:3 exclusion: sky beast
D:4 Grinder


Innate Abilities, Weirdness & Mutations

You are a tree.
Your roots penetrate the ground, keeping you stationary.
You cannot be teleported.
You are immune to unholy pain and torment.
Your maximum health is greatly increased.
Your equipment is partially melded.
((You have very sharp teeth.))
Your uncanny sense of smell can sniff out nearby items.
Your experience applies equally to all skills.


Message History

Grinder is heavily wounded.
Grinder hits you but does no damage. x2
You hit Grinder but do no damage.
Grinder is heavily wounded.
Grinder hits you but does no damage.
You closely miss Grinder.
Grinder is heavily wounded.
Grinder hits you but does no damage.
You hit Grinder.
Grinder is severely wounded.
Grinder hits you but does no damage. x2
You barely miss Grinder.
Grinder is severely wounded.
Grinder completely misses you.
You hit Grinder.
Grinder is severely wounded.
Grinder hits you but does no damage.
You closely miss Grinder.
Grinder is severely wounded.
Grinder hits you but does no damage. x2
You completely miss Grinder.
Grinder is severely wounded.
Grinder hits you but does no damage.
You hit Grinder but do no damage.
Grinder is severely wounded.
Grinder hits you but does no damage.
You barely miss Grinder.
Grinder is severely wounded.
Your transformation is almost over.
Grinder hits you but does no damage.
You hit Grinder but do no damage.
Grinder is severely wounded.
Grinder hits you but does no damage. Grinder gestures at you.
You resist with significant effort.
You hit Grinder.
Grinder is severely wounded.
Grinder hits you!
You die...
Your body crumbles into a pile of gold.

##### #...# ###...###
###.......########
.........(..(..5♣#####
..............(......#
#####.....######.###.#
#.....# #.# .# ###...#
#.# .# #.#..# #.###.#
##..## #...#.# #..#
###.#.# #).# #.#.#


You could see Grinder.

Vanquished Creatures
  A kobold brigand (D:4)
  A scorpion (D:4)
  A water moccasin skeleton (D:4)
  A howler monkey (D:4)
  2 hounds (D:4)
  An iguana (D:4)
  4 gnolls (D:2)
  8 adders
  An adder skeleton (D:4)
  2 worms
  4 dart slugs
  3 orcs
  6 bats
  6 endoplasms
  5 giant cockroaches
  9 goblins
  8 hobgoblins
  2 jackals (D:4)
  2 quokkas
  10 ball pythons
  4 frilled lizards
  6 kobolds
  5 rats
92 creatures vanquished.

Notes
Turn   | Place    | Note
-------+----------+-------------------------------------------
     0 | D:1      | quokkamancerX the Gnoll Ice Elementalist began the quest
                  | for the Orb.
     0 | D:1      | Reached XP level 1. HP: 13/13 MP: 6/6
   304 | D:1      | Reached XP level 2. HP: 13/19 MP: 5/7
   862 | D:1      | Reached XP level 3. HP: 22/25 MP: 9/9
   870 | D:1      | Reached skill level 5 in Spellcasting
  1311 | D:1      | Reached skill level 1 in Invocations
  1961 | D:2      | Learned a level 3 spell: Frozen Ramparts
  1965 | D:2      | Learned a level 3 spell: Ozocubu's Armour
  2127 | D:2      | Reached skill level 1 in Fighting
  2127 | D:2      | Reached skill level 1 in Short Blades
  2127 | D:2      | Reached skill level 1 in Long Blades
  2127 | D:2      | Reached skill level 1 in Axes
  2127 | D:2      | Reached skill level 1 in Maces & Flails
  2127 | D:2      | Reached skill level 1 in Polearms
  2127 | D:2      | Reached skill level 1 in Staves
  2127 | D:2      | Reached skill level 1 in Slings
  2127 | D:2      | Reached skill level 1 in Bows
  2127 | D:2      | Reached skill level 1 in Crossbows
  2127 | D:2      | Reached skill level 1 in Throwing
  2127 | D:2      | Reached skill level 1 in Armour
  2127 | D:2      | Reached skill level 1 in Shields
  2127 | D:2      | Reached skill level 1 in Unarmed Combat
  2127 | D:2      | Reached skill level 1 in Evocations
  2165 | D:2      | Reached XP level 4. HP: 32/32 MP: 3/11
  2175 | D:2      | Reached skill level 1 in Conjurations
  2175 | D:2      | Reached skill level 1 in Hexes
  2175 | D:2      | Reached skill level 1 in Summonings
  2175 | D:2      | Reached skill level 1 in Necromancy
  2175 | D:2      | Reached skill level 1 in Translocations
  2175 | D:2      | Reached skill level 1 in Transmutations
  2175 | D:2      | Reached skill level 1 in Fire Magic
  2175 | D:2      | Reached skill level 1 in Air Magic
  2175 | D:2      | Reached skill level 1 in Earth Magic
  2175 | D:2      | Reached skill level 1 in Poison Magic
  2775 | D:2      | Found a faded altar of an unknown god.
  2995 | D:3      | Reached XP level 5. HP: 37/37 MP: 7/12
  3395 | D:3      | Noticed a sky beast
  4072 | D:4      | Found an opulent altar of Gozag.
  4073 | D:4      | Found a hazy altar of Hepliaklqana.
  4075 | D:4      | Found a radiant altar of Vehumet.
  4090 | D:4      | Reached XP level 6. HP: 44/44 MP: 8/14
  4160 | D:4      | Found a stormy altar of Qazlal.
  4175 | D:4      | Reached skill level 5 in Dodging
  4182 | D:4      | Found a basalt altar of Yredelemnul.
  4184 | D:4      | Found a glowing silver altar of Zin.
  4184 | D:4      | Found an ancient bone altar of Kikubaaqudgha.
  4185 | D:4      | Found a white marble altar of Elyvilon.
  4222 | D:4      | Became a worshipper of Gozag Ym Sagoz the Greedy
  4678 | D:4      | Reached XP level 7. HP: 50/50 MP: 3/15
  4921 | D:4      | Noticed Grinder
  4939 | D:4      | Paralysed by Grinder for 5 turns
  4953 | D:4      | Paralysed by Grinder for 2 turns
  4956 | D:4      | HP: 3/76 [Grinder (5)]
  4968 | D:4      | Slain by Grinder

Illustrated notes

Levels and vault maps discovered:
D:1:      onia_arrival_mini_maze, layout_basic
D:2:      layout_basic, basic_ecumenical_altar, minmay_statues_item
D:3:      layout_rooms, kennysheep_generic_room_13
D:4:      layout_loops_ring, grunt_temple_overflow_open,
          minmay_misc_feat_hallway, uniq_grinder

Skill      XL: |  1  2  3  4  5  6 |
---------------+-------------------+-----
Spellcasting   | 5 |  5.5
Invocations    | 1 2 |  2.5
Fighting       | 1 2 |  2.3
Short Blades   | 1 2 |  2.3
Long Blades    | 1 2 |  2.3
Axes           | 1 2 |  2.3
Maces & Flails | 1 2 |  2.3
Polearms       | 1 2 |  2.3
Staves         | 1 2 |  2.3
Slings         | 1 2 |  2.3
Bows           | 1 2 |  2.3
Crossbows      | 1 2 |  2.3
Throwing       | 1 2 |  2.3
Armour         | 1 2 |  2.3
Shields        | 1 2 |  2.3
Unarmed Combat | 1 2 |  2.3
Evocations     | 1 2 |  2.3
Conjurations   | 1 |  1.9
Hexes          | 1 |  1.9
Summonings     | 1 |  1.9
Necromancy     | 1 |  1.9
Translocations | 1 |  1.9
Transmutations | 1 |  1.9
Fire Magic     | 1 |  1.9
Air Magic      | 1 |  1.9
Earth Magic    | 1 |  1.9
Poison Magic   | 1 |  1.9
Dodging        | 5 |  5.1
Stealth        | |  4.8
Ice Magic      | |  7.4

Action                   |  1- 3 |  4- 6 |  7- 9 || total
-------------------------+-------+-------+-------++-------
Melee: Long sword        |    26 |     6 |    12 ||    44
       Dagger            |     3 |       |       ||     3
       Punch             |     1 |       |       ||     1
       Bite              |       |     1 |       ||     1
 Fire: Hunting sling     |    39 |   103 |    22 ||   164
Throw: Dart              |       |       |     3 ||     3
 Cast: Freeze            |    26 |    26 |    11 ||    63
       Frozen Ramparts   |     1 |    14 |     3 ||    18
       Ozocubu's Armour  |     1 |     8 |     1 ||    10
  Use: Potion            |       |       |     1 ||     1
 Stab: Sleeping          |     1 |       |       ||     1
Armor: Robe              |    17 |     8 |     7 ||    32
       Skin              |       |       |    13 ||    13
Dodge: Dodged            |    34 |    31 |    11 ||    76
Block: Buckler           |     1 |    12 |     1 ||    14
